 Dungeon Crawl Stone Soup version 0.27-a0-1591-gc56fcc985a (webtiles) character file.

Game seed: 15432151078236929200

38 mordus the Magician (level 3, -4/27 HPs)
             Began as a Djinni Conjurer on July 19, 2021.
             Slain by a phantom (6 damage)
             ... on level 2 of the Dungeon.
             The game lasted 00:05:14 (1522 turns).

mordus the Magician (Djinni Conjurer)               Turns: 1522, Time: 00:05:14

Health: -4/27      AC:  2    Str: 12    XL:     3   Next: 65%
Gold:   43         EV: 12    Int: 20    God:
                   SH:  0    Dex: 11

rFire    + + .     SeeInvis .   i - +0 quarterstaff
rCold    x . .     Faith    .   (shield currently unavailable)
rNeg     + . .     Spirit   .   a - +0 robe
rPois    ∞         Reflect  .   (no helmet)
rElec    .         Harm     .   (no cloak)
rCorr    .         Rampage  .   (no gloves)
Will     .....                  (boots unavailable)
Stlth    ++........             (no amulet)
HPRegen  0.09/turn              g - +6 ring of strength
MPRegen  0.00/turn              h - ring of positive energy

@: brilliant, flying
A: sickness immunity, fire resistance 2, cold vulnerability 1, float, innate
caster, hp casting, extra vitality 1
a: no special abilities


You were on level 2 of the Dungeon.
You visited 1 branch of the dungeon, and saw 2 of its levels.

You collected 43 gold pieces.

Inventory:

Hand Weapons
 i - a +0 quarterstaff (weapon)
Armour
 a - a +0 robe (worn)
Jewellery
 g - a +6 ring of strength (left hand)
 h - a ring of positive energy (right hand)
Scrolls
 d - a scroll of amnesia


   Skills:
 + Level 1.2 Fighting
 + Level 2.7 Dodging
 - Level 1.5 Stealth
 * Level 3.7 Spellcasting


You couldn't memorise any spells.
You knew the following spells:

 Your Spells              Type           Power      Damage    Failure   Level
a - Magic Dart            Conj           100%       1d8       3%          1
b - Searing Ray           Conj           54%        3d5       4%          2
c - Dazzling Flash        Conj/Hex       54%        N/A       9%          3
d - Fulminant Prism       Conj/Hex       13%        3d9       28%         4
e - Iskenderun's Mystic   Conj/Tloc      27%        2d7       28%         4
f - Shock                 Conj/Air       100%       1d9       3%          1
Your spell library was empty.

Dungeon Overview and Level Annotations

Branches:
Dungeon (2/15)

Altars:

Annotations:
D:2 1 runed translucent door, Crazy Yiuf, Terence


Innate Abilities, Weirdness & Mutations

You are immune to sickness and miasma.
You are immune to poison.
Your flesh is very heat resistant. (rF++)
You are vulnerable to cold. (rC-)
You float through the air rather than walking.
You learn spells naturally, not from books.
Your magical power is your life essence.
You have superior vitality. (+4 HP)


Message History

Casting: Magic Dart (safe; 3% risk of failure)
Confirm with . or Enter, or press ? or * to list all spells.
Okay, then.
There is an open door here.
Casting: Magic Dart (safe; 3% risk of failure)
Confirm with . or Enter, or press ? or * to list all spells.
Aiming: Searing Ray (safe; 4% risk of failure)
Press: ? - help, Shift-Dir - straight line, f - phantom
Aim: a phantom (69% to hit)
The searing ray hits the phantom.
The phantom is lightly damaged. (Press . to maintain the ray.)
The searing ray hits the phantom.
The phantom is moderately damaged.
The phantom hits you.
The phantom blinks!
You blink.
A rat and Terence come into view.
Terence is wielding a +0 hand axe and wearing a +2 chain mail of cold resistance.
Unknown command.
An endoplasm comes into view.
The goblin shoots a stone.
The stone barely misses you. The phantom hits you.
The goblin shoots a stone.
The stone closely misses you.
Found a mace.
Found a runed translucent door.
As you read the scroll labelled UZALOJ NIEMNOKUTA, it crumbles to dust.
You hear a loud clanging noise!
It was a scroll of noise.
Crazy Yiuf shouts!
You hear a shout!
The phantom closely misses you.
Okay, then.
As you read the scroll labelled QEMUUQ LIFORCH, it crumbles to dust.
It is a scroll of identify.
d - a scroll of amnesia The phantom hits you.
* * * LOW HITPOINT WARNING * * *
The phantom blinks!
You blink.
It was a potion of brilliance.
You feel clever all of a sudden. Terence hits you with a +0 hand axe.
* * * LOW HITPOINT WARNING * * *
The phantom hits you.
You die...

####....#
........# #####
..[..<### #)..#
......# #...#
......#### ...
##.......# #+#
#...###.## #§##
#........# ##W#
#........# #@##
###......# ##@#
#......# ##.##
#......# ##...#
#......# #....#
#####'## #....#
####.#####@...#
#..............##
#.........g...##


You could see a phantom and Terence.

Vanquished Creatures
  An adder (D:2)
  2 dart slugs
  A ball python (D:1)
  An endoplasm (D:1)
  3 giant cockroaches (D:1)
  4 goblins (D:1)
  2 hobgoblins (D:1)
  3 kobolds (D:1)
  2 quokkas (D:1)
  A frilled lizard (D:1)
  2 rats
22 creatures vanquished.

Notes
Turn   | Place    | Note
-------+----------+-------------------------------------------
     0 | D:1      | mordus the Djinni Conjurer began the quest for the Orb.
     0 | D:1      | Reached XP level 1. HP: 15/15 MP: 0/0
   345 | D:1      | Reached XP level 2. HP: 16/22 MP: 0/0
   717 | D:1      | Found a faded altar of an unknown god.
   889 | D:1      | Reached skill level 1 in Fighting
   896 | D:1      | Reached XP level 3. HP: 21/27 MP: 0/0
   896 | D:1      | Learned a level 1 spell: Shock
  1503 | D:2      | Noticed a phantom
  1507 | D:2      | Noticed Terence
  1516 | D:2      | Found a runed translucent door.
  1517 | D:2      | Noticed Crazy Yiuf
  1522 | D:2      | Slain by a phantom

Illustrated notes

Levels and vault maps discovered:
D:1:      dpeg_arrival_lava_temple_mockup, layout_loops_ring,
          hellmonk_ecumenical_altar_leap_of_faith, minmay_small_reverse_x
D:2:      minmay_spotlight, layout_basic, roderic_serpentine_path, uniq_terence,
          uniq_crazy_yiuf_cottage

Skill      XL: |  1  2 |
---------------+-------+-----
Fighting       | 1 |  1.2
Dodging        | |  2.7
Stealth        | |  1.5
Spellcasting   | |  3.7

Action                   || total
-------------------------++-------
Melee: Unarmed           ||     1
 Cast: Magic Dart        ||    50
       Searing Ray       ||     1
  Use: Scroll            ||     2
       Potion            ||     1
Armor: Robe              ||     1
Dodge: Dodged            ||     9

Table legend: (Time is in decaauts)
 A = Elapsed time spent in this place.
 B = Non-inter-level travel time spent in this place.
 C = Inter-level travel time spent in this place.
 D = Time resting spent in this place.
 E = Time spent auto-exploring this place.
 F = Levels seen in this place.
 G = Mean time per level.
                   A        B        C        D        E       F      G
               +--------+--------+--------+--------+--------+-----+--------+
         Total |   1519 |   1495 |     24 |      0 |   1361 |   2 |  759.5 |
       Dungeon |   1519 |   1495 |     24 |      0 |   1361 |   2 |  759.5 |
               +--------+--------+--------+--------+--------+-----+--------+

Top non-repeatable levels by time:
     D:1: 1245 daAuts
     D:2: 274 daAuts
